 Dungeon Crawl Stone Soup version 0.29.0-11-gd7f09526c8 (webtiles) character file.

Game seed: 12608827786329415602

29 night the Conjurer (level 2, -2/20 HPs)
             Began as a Demigod Conjurer on Sept 5, 2022.
             Slain by a hobgoblin (3 damage)
             ... led by Robin
             ... on level 2 of the Dungeon.
             The game lasted 00:01:40 (1341 turns).

night the Conjurer (Demigod Conjurer)               Turns: 1341, Time: 00:01:41

Health: -2/20      AC:  2    Str:  8    XL:     2   Next: 81%
Magic:  1/8        EV: 12    Int: 20    God:
Gold:   41         SH:  0    Dex: 12    Spells: 2/5 levels left

rFire   . . .      SeeInvis .   g - +0 dagger
rCold   . . .      Faith    .   (no shield)
rNeg    . . .      Spirit   .   a - +0 robe
rPois   .          Reflect  .   (no helmet)
rElec   .          Harm     .   (no cloak)
rCorr   .          Rampage  .   (no gloves)
Will    .....                   (no boots)
Stlth   ++........              (no amulet)
HPRegen 0.06/turn               (no ring)
MPRegen 0.11/turn               (no ring)

@: no status effects
A: high MP 1, forlorn, divine attributes
a: no special abilities


You were on level 2 of the Dungeon.
You visited 1 branch of the dungeon, and saw 2 of its levels.

You collected 41 gold pieces.

Inventory:

Hand Weapons
 g - a +0 dagger (weapon)
Missiles
 e - 17 stones
 f - 2 javelins
Armour
 a - a +0 robe (worn)
Scrolls
 d - a scroll of silence {unknown}
Potions
 b - a potion of magic
 c - a potion of mutation {unknown}


   Skills:
 - Level 1.7 Dodging
 - Level 1.7 Stealth
 + Level 2.4 Spellcasting
 + Level 4.1 Conjurations


You had 2 spell levels left.
You knew the following spells:

 Your Spells              Type           Power      Damage    Failure   Level
a - Magic Dart            Conj           72%        1d6       2%          1
b - Searing Ray           Conj           36%        2d5       4%          2

Your spell library contained the following spells:

 Spells                   Type           Power      Damage    Failure   Level
 Dazzling Flash           Conj/Hex       20%        N/A       19%         3
 Fulminant Prism          Conj/Hex       5%         3d7       54%         4
 Iskenderun's Mystic Bla  Conj/Tloc      10%        2d4       54%         4


Dungeon Overview and Level Annotations

Branches:
Dungeon (2/15)

Annotations:
D:2 Robin


Innate Abilities, Weirdness & Mutations

You have an increased reservoir of magic. (+10% MP)
You shall have no god before yourself.
Your divine heritage dramatically boosts your attributes as you level up.


Message History

Without enough magic to sustain it, your searing ray dissipates.
The goblin hits you with a +0 club.
You hit the goblin.
The goblin is severely wounded.
The goblin closely misses you.
You hit the goblin.
You kill the goblin!
A goblin comes into view. It is wielding a +0 dagger.
Robin hits you with a +0 club.
Your magical contamination has completely faded away.
The goblin shouts!
You hit Robin.
Robin is lightly wounded.
You hear a shout!
A goblin comes into view. It is wielding a +0 club.
Robin roars a battlecry!
The goblins go into a battle-frenzy!
The hobgoblin hits you.
You hear a shout!
You barely miss the hobgoblin.
A goblin comes into view. It is wielding a +0 dagger.
The hobgoblin hits you.
* * * LOW HITPOINT WARNING * * *
Robin zaps a wand.
The puff of flame misses you.
You completely miss the hobgoblin.
The goblin no longer looks unusually strong.
The hobgoblin hits you.
* * * LOW HITPOINT WARNING * * *
Robin roars a battlecry!
The goblins go into a battle-frenzy!
A goblin comes into view. It is wielding a +0 club.
The goblin shouts!
You hit the hobgoblin but do no damage. The hobgoblin hits you.
* * * LOW HITPOINT WARNING * * *
Robin roars a battlecry!
The goblin goes into a battle-frenzy!
You closely miss the hobgoblin.
A goblin comes into view. It is wielding a +0 dagger.
The hobgoblin hits you.
You die...

>. #### #.. ..# #..
#..###.###.#...
#..#@g...#.#[..
#..#g#.#.#.#..#
#..#g#.#.#.#..#.# ..
#..#g#.....#..#.# )
#..#g###.#.#..#.#g#
##..#gg####.#..#.#g##.
#..<.......g.........
#####...g......#.#.###
#..8.....#.#.....#


You could see Robin, a hobgoblin (strong) and 5 goblins.

Vanquished Creatures
  A dart slug (D:1)
  3 bats (D:1)
  4 endoplasms
  7 goblins
  2 hobgoblins
  3 kobolds (D:1)
  A quokka skeleton (D:2)
  A rat (D:1)
22 creatures vanquished.

Vanquished Creatures (others)
  A withered plant (D:2)
1 creature vanquished.

Grand Total: 23 creatures vanquished

Notes
Turn   | Place    | Note
-------+----------+-------------------------------------------
     0 | D:1      | night the Demigod Conjurer began the quest for the Orb.
     0 | D:1      | Reached XP level 1. HP: 14/14 MP: 5/5
   277 | D:1      | Reached skill level 2 in Spellcasting
   544 | D:1      | Reached XP level 2. HP: 20/20 MP: 2/7
   890 | D:1      | Reached skill level 4 in Conjurations
  1244 | D:2      | Learned a level 2 spell: Searing Ray
  1307 | D:2      | Noticed Robin
  1339 | D:2      | HP: 2/20 [hobgoblin[Robin] (2)]
  1341 | D:2      | Slain by a hobgoblin

Illustrated notes

Levels and vault maps discovered:
D:1:      mrwooster_arrival_arrow, layout_loops_corners,
          chequers_ecumenical_altar_island
D:2:      layout_basic, serial_undead, serial_undead_b, serial_undead_d,
          serial_undead_a, serial_undead_f, uniq_robin

Skill      XL: |  1  2 |
---------------+-------+-----
Spellcasting   | 2 |  2.4
Conjurations   | 4 |  4.1
Dodging        | |  1.7
Stealth        | |  1.7

Action                   || total
-------------------------++-------
Melee: Dagger            ||    12
       Unarmed           ||    12
 Cast: Magic Dart        ||    37
       Searing Ray       ||     1
Armor: Robe              ||    11
Dodge: Dodged            ||    27
